 Dungeon Crawl Stone Soup version 0.30.0 (webtiles) character file.

Game seed: 643512749854655456

2 Minorbread the Trooper (level 1, -2/22 HPs)
             Began as an Ogre Warper on June 2, 2023.
             Slain by a gnoll
             ... wielding a +0 club
              (4 damage)
             ... on level 1 of the Dungeon.
             The game lasted 00:00:39 (76 turns).

Minorbread the Trooper (Ogre Warper)                  Turns: 76, Time: 00:00:39

Health: -2/22      AC:  3    Str: 14    XL:     1   Next: 40%
Magic:  3/3        EV:  9    Int: 14    God:
Gold:   0          SH:  0    Dex:  8    Spells: 4/4 levels left

rFire   . . .        a - +0 mace
rCold   . . .        (no shield)
rNeg    . . .        b - +0 robe
rPois   .            (helmet restricted)
rElec   .            (no cloak)
rCorr   .            (gloves unavailable)
SInv    .            (boots unavailable)
Will    .....        (no amulet)
Stlth   +            (no ring)
HPRegen 0.23/turn    (no ring)
MPRegen 0.08/turn

%: no passive effects
@: no status effects
A: large, unfitting armour, tough skin 1
a: no special abilities


You were on level 1 of the Dungeon.
You visited 1 branch of the dungeon, and saw 1 of its levels.

Inventory:

Hand Weapons
 a - a +0 mace (weapon)
Missiles
 d - 7 boomerangs of dispersal (quivered)
Armour
 b - a +0 robe (worn)


   Skills:
 + Level 2.8 Fighting
 * Level 2.0 Maces & Flails
 - Level 1.0 Throwing
 - Level 2.1 Dodging
 - Level 2.4 Spellcasting
 - Level 2.6 Translocations


You had 4 spell levels left.
You didn't know any spells.
Your spell library contained the following spells:

 Spells                   Type           Power      Damage    Failure   Level
 Blink                    Tloc           18%        N/A       12%         2
 Lesser Beckoning         Tloc           18%        N/A       12%         2
 Teleport Other           Tloc           9%         N/A       22%         3
 Vhi's Electric Charge    Tloc/Air       10%        N/A       36%         3
 Manifold Assault         Tloc           9%         N/A       58%         4


Dungeon Overview and Level Annotations

Branches:
Dungeon (1/15)

Altars:


Innate Abilities, Weirdness & Mutations

You are too large for most types of armour.
You have tough skin. (AC +1)


Message History

The ball python bites you.
* * * LOW HITPOINT WARNING * * *
The ball python attacks as you move away!
The ball python bites you.
* * * LOW HITPOINT WARNING * * *
The ball python closely misses you.
There is an escape hatch in the floor here.
There is an open door here.
The ball python attacks as you move away!
The ball python closely misses you.
There is an open door here.
You hit the ball python.
The ball python is heavily wounded.
The ball python misses you. The ball python barely misses you.
You hit the ball python.
You kill the ball python!
The gnoll barely misses you.
Your Maces & Flails skill increases to level 2!
You aren't carrying any potions.
You aren't carrying any potions.
You aren't carrying any potions.
You aren't carrying any scrolls.
You aren't carrying any scrolls.
You aren't carrying any scrolls.
You aren't carrying any scrolls.
You aren't carrying any potions.
You aren't carrying any potions.
You aren't carrying any potions.
You aren't carrying any potions.
You aren't carrying any scrolls.
You aren't carrying any scrolls.
You aren't carrying any scrolls.
You aren't carrying any scrolls.
You aren't carrying any items that you can evoke.
Unknown command.
You barely miss the gnoll. The gnoll barely misses you.
You closely miss the gnoll. The gnoll hits you with a +0 club.
* * * LOW HITPOINT WARNING * * *
You barely miss the gnoll. The gnoll hits you with a +0 club.
You die...

##########
#........#
#........#
#........#
#######@##
##g## #>g.#
#.<.# #...#
#...#
#########...#
............#
.........####


You could see a gnoll and a goblin.

Vanquished Creatures
  A ball python (D:1)
  A hobgoblin (D:1)
2 creatures vanquished.

Vanquished Creatures (others)
  2 fungi (D:1)
2 creatures vanquished.

Grand Total: 4 creatures vanquished

Notes
Turn   | Place    | Note
-------+----------+-------------------------------------------
     0 | D:1      | Minorbread the Ogre Warper began the quest for the Orb.
     0 | D:1      | Reached XP level 1. HP: 22/22 MP: 3/3
    65 | D:1      | HP: 1/22 [ball python (2)]
    76 | D:1      | Slain by a gnoll

Illustrated notes

Levels and vault maps discovered:
D:1:      dpeg_arrival_connections, layout_rooms,
          shapermc_ecumenical_altar_acropolis, glass_columns_a

Skill      XL: |  1 |
---------------+----+-----
Maces & Flails | 2 |  2.0
Fighting       | |  2.8
Throwing       | |  1.0
Dodging        | |  2.1
Spellcasting   | |  2.4
Translocations | |  2.6

Action                     || total
---------------------------++-------
  Melee: Mace              ||    17
    Use: Scroll            ||     1
 Armour: Robe              ||     4
  Dodge: Dodged            ||    22
